[ AOE2 MATCH · #467237324 ]
UnrankedByzantines vs Cumans
[ REPLAY ANALYSIS · EXTRACTED FROM THE RECORDED GAME ]
Feudal
9:52
Castle
19:24
Imperial
—
| APM avg | 43.4 |
| APM peak | 70 |
| eAPM avg | 20.7 |
| Villagers / military | 86 / 106 |
Focus
⚔️ 37.2% · 🌾 62.8%
Camel Scout ×69 · Knight ×26 · Scout Cavalry ×9 · Fishing Ship ×4 · Monk ×1 · Battering Ram ×1
Feudal
9:29
Castle
22:17
Imperial
33:52
| APM avg | 27.5 |
| APM peak | 59 |
| eAPM avg | 17.3 |
| Villagers / military | 94 / 96 |
Focus
⚔️ 30.9% · 🌾 69.1%
Steppe Lancer ×62 · Camel Scout ×18 · Scout Cavalry ×6 · Knight ×6 · Spearman ×2 · Trebuchet (Packed) ×2
Feudal
12:14
Castle
23:25
Imperial
—
| APM avg | 16.6 |
| APM peak | 37 |
| eAPM avg | 12.0 |
| Villagers / military | 101 / 53 |
Focus
⚔️ 25.6% · 🌾 74.4%
Spearman ×29 · Fishing Ship ×17 · Knight ×12 · Leitis ×7 · Fire Galley ×5
Feudal
11:09
Castle
18:21
Imperial
—
| APM avg | 44.7 |
| APM peak | 72 |
| eAPM avg | 30.3 |
| Villagers / military | 173 / 119 |
Focus
⚔️ 22.8% · 🌾 77.2%
Monaspa ×45 · Spearman ×41 · Scout Cavalry ×18 · Knight ×11 · Fishing Ship ×8 · Battering Ram ×3
Feudal
12:30
Castle
19:09
Imperial
39:53
| APM avg | 48.9 |
| APM peak | 88 |
| eAPM avg | 21.2 |
| Villagers / military | 82 / 109 |
Focus
⚔️ 32.6% · 🌾 67.4%
Cavalry Archer ×71 · Skirmisher ×37 · Fishing Ship ×3 · Transport Ship ×1
Feudal
9:29
Castle
22:32
Imperial
42:01
| APM avg | 48.4 |
| APM peak | 112 |
| eAPM avg | 19.8 |
| Villagers / military | 103 / 107 |
Focus
⚔️ 40.8% · 🌾 59.2%
Archer ×107
Match map
Initial resources + every placement click. Lines = walls · curves = elevation contours. ◆ gold · ⬟ stone · ● berries · ✦ relic · ◌ wall gap
Your base· Open — unwalled flank
Darmoran's base· Open — unwalled flank
ZAWVMA's base· Open — unwalled flank
Batushka_na_harlee's base· Open — unwalled flank
General Maximus Decimus Meridius's base· Open — unwalled flank
OnlyBoom's base· Open — unwalled flank
Smoothed initial terrain · ◌ = detected wall gap · hover for details
Inputs per minute
— MB7 - - Darmoran
Build order — MB7
First 150 of 309 actions detected
| 0:03 | Create | Villager (Male) |
| 0:04 | Create | Villager (Male) |
| 0:05 | Build | House |
| 0:06 | Build | House |
| 0:24 | Create | Villager (Male) |
| 0:47 | Create | Villager (Male) |
| 1:27 | Create | Villager (Male) |
| 2:03 | Create | Villager (Male) |
| 2:13 | Build | Lumber Camp |
| 2:28 | Create | Villager (Male) |
| 2:53 | Create | Villager (Male) |
| 2:54 | Create | Villager (Male) |
| 3:18 | Create | Villager (Male) |
| 3:46 | Create | Villager (Male) |
| 3:57 | Build | House |
| 4:08 | Create | Villager (Male) |
| 4:32 | Build | Mill |
| 4:38 | Build | Mill |
| 4:47 | Create | Villager (Male) |
| 4:48 | Create | Villager (Male) |
| 5:28 | Create | Villager (Male) |
| 5:40 | Build | House |
| 5:51 | Create | Villager (Male) |
| 6:12 | Create | Villager (Male) |
| 6:35 | Create | Villager (Male) |
| 6:56 | Build | Dock |
| 7:15 | Create | Villager (Male) |
| 7:36 | Research | Feudal Age |
| 7:36 | Research | Feudal Age |
| 8:22 | Build | House |
| 8:24 | Create | Fishing Ship |
| 8:58 | Build | House |
| 9:09 | Create | Fishing Ship |
| 9:38 | Build | Barracks |
| 9:43 | Research | Loom |
| 9:52 | Age | Feudal Age |
| 9:57 | Build | Mining Camp |
| 10:04 | Create | Villager (Male) |
| 10:12 | Create | Fishing Ship |
| 10:23 | Research | Double-Bit Axe |
| 10:23 | Research | Double-Bit Axe |
| 10:43 | Create | Villager (Male) |
| 11:00 | Create | Villager (Male) |
| 11:14 | Build | Stable |
| 11:21 | Create | Villager (Male) |
| 11:49 | Create | Villager (Male) |
| 11:52 | Build | Farm |
| 11:56 | Create | Scout Cavalry |
| 11:59 | Create | Scout Cavalry |
| 12:08 | Build | Farm |
| 12:20 | Create | Villager (Male) |
| 12:26 | Create | Scout Cavalry |
| 12:27 | Create | Villager (Male) |
| 12:40 | Build | Farm |
| 12:56 | Build | Farm |
| 13:02 | Create | Villager (Male) |
| 13:03 | Create | Scout Cavalry |
| 13:19 | Build | House |
| 13:48 | Build | Lumber Camp |
| 13:54 | Build | Farm |
| 14:30 | Build | House |
| 14:35 | Build | Palisade Wall |
| 14:38 | Build | Palisade Wall |
| 14:40 | Build | Palisade Wall |
| 14:45 | Build | Market |
| 14:57 | Build | House |
| 14:57 | Create | Villager (Male) |
| 15:07 | Build | Blacksmith |
| 15:33 | Create | Villager (Male) |
| 15:44 | Build | Stone Wall |
| 15:47 | Create | Scout Cavalry |
| 16:33 | Build | Mining Camp |
| 16:45 | Research | Castle Age |
| 16:45 | Research | Castle Age |
| 16:56 | Build | Farm |
| 16:57 | Build | Farm |
| 16:57 | Build | Farm |
| 16:57 | Build | Farm |
| 17:18 | Build | Stable |
| 17:33 | Create | Fishing Ship |
| 17:53 | Build | Gate |
| 18:03 | Create | Scout Cavalry |
| 18:04 | Create | Scout Cavalry |
| 18:13 | Build | House |
| 18:26 | Build | House |
| 18:27 | Build | House |
| 18:29 | Build | Stone Wall |
| 18:38 | Create | Scout Cavalry |
| 18:38 | Create | Scout Cavalry |
| 19:24 | Age | Castle Age |
| 19:27 | Create | Knight |
| 19:28 | Create | Knight |
| 19:38 | Create | Knight |
| 19:45 | Build | Farm |
| 20:02 | Create | Knight |
| 20:20 | Create | Villager (Male) |
| 20:39 | Create | Villager (Male) |
| 21:08 | Research | Scale Barding Armor |
| 21:14 | Create | Villager (Male) |
| 21:18 | Build | Town Center |
| 21:28 | Create | Knight |
| 21:28 | Create | Knight |
| 21:29 | Create | Knight |
| 21:32 | Create | Camel Scout |
| 21:32 | Create | Camel Scout |
| 21:35 | Create | Villager (Male) |
| 21:48 | Create | Knight |
| 22:04 | Create | Villager (Male) |
| 22:34 | Create | Knight |
| 22:34 | Create | Camel Scout |
| 22:35 | Create | Villager (Male) |
| 23:05 | Create | Villager (Male) |
| 23:05 | Create | Villager (Male) |
| 23:08 | Build | Farm |
| 23:09 | Build | Farm |
| 23:10 | Create | Villager (Male) |
| 23:10 | Create | Villager (Male) |
| 23:25 | Create | Villager (Male) |
| 23:48 | Create | Villager (Male) |
| 23:48 | Create | Villager (Male) |
| 24:09 | Build | Monastery |
| 24:11 | Create | Villager (Male) |
| 24:11 | Create | Villager (Male) |
| 24:11 | Create | Villager (Male) |
| 24:19 | Create | Villager (Male) |
| 24:38 | Create | Villager (Male) |
| 24:41 | Build | Farm |
| 24:44 | Build | Farm |
| 24:58 | Build | House |
| 25:01 | Create | Camel Scout |
| 25:02 | Create | Camel Scout |
| 25:06 | Build | Palisade Wall |
| 25:09 | Build | Palisade Wall |
| 25:12 | Build | Palisade Wall |
| 25:25 | Create | Camel Scout |
| 25:25 | Create | Camel Scout |
| 25:30 | Research | Forging |
| 25:30 | Research | Forging |
| 25:40 | Create | Villager (Male) |
| 25:43 | Create | Monk |
| 26:01 | Create | Villager (Male) |
| 26:13 | Create | Camel Scout |
| 26:37 | Create | Camel Scout |
| 26:38 | Create | Camel Scout |
| 26:38 | Create | Camel Scout |
| 26:51 | Create | Camel Scout |
| 26:52 | Create | Camel Scout |
| 26:55 | Build | Farm |
| 26:56 | Build | Farm |
| 26:56 | Build | Farm |
Build order — Darmoran
First 150 of 323 actions detected
| 0:03 | Build | House |
| 0:05 | Build | House |
| 0:05 | Create | Villager (Male) |
| 0:05 | Create | Villager (Male) |
| 0:06 | Create | Villager (Male) |
| 0:39 | Create | Villager (Male) |
| 0:39 | Create | Villager (Male) |
| 1:32 | Create | Villager (Male) |
| 2:20 | Create | Villager (Male) |
| 2:36 | Create | Villager (Male) |
| 3:07 | Create | Villager (Male) |
| 3:19 | Build | Lumber Camp |
| 3:27 | Create | Villager (Male) |
| 3:34 | Build | House |
| 3:39 | Create | Villager (Male) |
| 4:07 | Create | Villager (Male) |
| 4:52 | Create | Villager (Male) |
| 5:21 | Create | Villager (Male) |
| 5:37 | Create | Villager (Male) |
| 5:52 | Create | Villager (Male) |
| 6:00 | Build | Mill |
| 6:17 | Build | House |
| 6:36 | Research | Loom |
| 7:19 | Research | Feudal Age |
| 8:50 | Build | Farm |
| 9:26 | Create | Villager (Male) |
| 9:29 | Age | Feudal Age |
| 9:32 | Create | Villager (Male) |
| 9:40 | Build | Town Center |
| 9:51 | Research | Double-Bit Axe |
| 10:05 | Create | Villager (Male) |
| 10:21 | Create | Villager (Male) |
| 10:49 | Create | Villager (Male) |
| 11:01 | Build | House |
| 11:15 | Create | Villager (Male) |
| 11:36 | Create | Villager (Male) |
| 11:41 | Create | Villager (Male) |
| 11:55 | Create | Villager (Male) |
| 12:11 | Build | House |
| 12:14 | Create | Villager (Male) |
| 12:29 | Create | Villager (Male) |
| 12:30 | Create | Villager (Male) |
| 12:44 | Build | Barracks |
| 12:47 | Create | Villager (Male) |
| 13:03 | Build | House |
| 13:04 | Create | Villager (Male) |
| 13:16 | Create | Villager (Male) |
| 13:38 | Build | Farm |
| 13:40 | Build | Farm |
| 13:42 | Build | Farm |
| 13:46 | Create | Spearman |
| 13:46 | Create | Spearman |
| 13:50 | Build | Farm |
| 13:58 | Build | Farm |
| 14:03 | Create | Villager (Male) |
| 14:07 | Build | Farm |
| 14:21 | Build | Farm |
| 14:22 | Build | Farm |
| 14:46 | Build | Stable |
| 14:47 | Build | House |
| 14:50 | Create | Villager (Male) |
| 14:54 | Build | Farm |
| 15:00 | Create | Villager (Male) |
| 15:21 | Create | Villager (Male) |
| 15:24 | Build | Farm |
| 15:28 | Research | Horse Collar |
| 15:32 | Create | Villager (Male) |
| 15:38 | Build | Farm |
| 16:03 | Build | House |
| 16:04 | Build | House |
| 16:06 | Create | Villager (Male) |
| 16:10 | Build | Farm |
| 16:21 | Build | Farm |
| 16:34 | Build | Palisade Wall |
| 16:37 | Build | Palisade Wall |
| 16:40 | Build | Farm |
| 16:42 | Build | Farm |
| 16:47 | Create | Villager (Male) |
| 16:59 | Create | Villager (Male) |
| 17:03 | Create | Villager (Male) |
| 17:10 | Build | Stable |
| 17:18 | Build | Palisade Wall |
| 17:21 | Build | Palisade Wall |
| 17:33 | Build | Palisade Wall |
| 17:36 | Create | Villager (Male) |
| 17:45 | Build | Mining Camp |
| 17:48 | Create | Villager (Male) |
| 17:50 | Create | Villager (Male) |
| 17:52 | Build | Farm |
| 18:44 | Build | Blacksmith |
| 18:45 | Create | Villager (Male) |
| 18:49 | Build | Farm |
| 18:54 | Create | Villager (Male) |
| 18:59 | Research | Gold Mining |
| 19:06 | Build | Lumber Camp |
| 19:12 | Create | Villager (Male) |
| 19:16 | Build | Farm |
| 19:30 | Research | Castle Age |
| 19:49 | Build | Palisade Gate |
| 19:55 | Research | Bloodlines |
| 19:57 | Create | Scout Cavalry |
| 20:01 | Create | Scout Cavalry |
| 20:01 | Create | Scout Cavalry |
| 20:07 | Build | Farm |
| 20:21 | Research | Scale Barding Armor |
| 20:34 | Research | Forging |
| 20:38 | Build | Farm |
| 20:42 | Build | Farm |
| 20:45 | Build | Farm |
| 20:53 | Create | Scout Cavalry |
| 20:53 | Create | Scout Cavalry |
| 21:03 | Create | Scout Cavalry |
| 21:15 | Create | Villager (Male) |
| 22:17 | Age | Castle Age |
| 22:27 | Create | Knight |
| 22:28 | Create | Knight |
| 22:28 | Create | Knight |
| 22:28 | Create | Knight |
| 22:28 | Create | Knight |
| 22:29 | Create | Knight |
| 22:33 | Create | Villager (Male) |
| 23:20 | Create | Camel Scout |
| 23:20 | Create | Camel Scout |
| 23:20 | Create | Camel Scout |
| 23:20 | Create | Camel Scout |
| 23:21 | Create | Camel Scout |
| 23:26 | Build | House |
| 23:27 | Build | House |
| 23:29 | Create | Villager (Male) |
| 23:44 | Build | Town Center |
| 24:00 | Research | Iron Casting |
| 24:15 | Create | Villager (Male) |
| 24:16 | Create | Villager (Male) |
| 24:20 | Create | Camel Scout |
| 24:20 | Create | Camel Scout |
| 24:20 | Create | Camel Scout |
| 24:20 | Create | Camel Scout |
| 24:21 | Create | Camel Scout |
| 24:31 | Build | House |
| 24:57 | Create | Villager (Male) |
| 24:58 | Create | Villager (Male) |
| 25:17 | Create | Villager (Male) |
| 25:21 | Create | Villager (Male) |
| 25:21 | Create | Villager (Male) |
| 25:33 | Build | House |
| 25:51 | Create | Villager (Male) |
| 25:53 | Create | Villager (Male) |
| 26:02 | Build | Market |
| 26:19 | Create | Villager (Male) |
| 26:20 | Create | Villager (Male) |
Build order — ZAWVMA
First 150 of 250 actions detected
| 0:02 | Create | Villager (Male) ×5 |
| 0:11 | Build | House |
| 0:11 | Build | House |
| 0:13 | Build | House |
| 0:14 | Build | House |
| 0:26 | Research | Loom |
| 0:45 | Create | Villager (Male) |
| 0:56 | Create | Villager (Male) |
| 0:57 | Create | Villager (Male) |
| 1:28 | Build | House |
| 1:50 | Create | Villager (Male) |
| 2:37 | Build | Barracks |
| 2:42 | Create | Villager (Male) |
| 2:42 | Create | Villager (Male) |
| 2:43 | Create | Villager (Male) |
| 3:07 | Build | Lumber Camp |
| 3:10 | Create | Villager (Male) |
| 3:11 | Create | Villager (Male) |
| 3:33 | Create | Villager (Male) |
| 4:08 | Create | Villager (Male) |
| 4:09 | Create | Villager (Male) |
| 4:19 | Create | Villager (Male) |
| 4:19 | Create | Villager (Male) |
| 4:56 | Create | Villager (Male) |
| 5:09 | Create | Villager (Male) |
| 5:39 | Create | Villager (Male) |
| 6:37 | Build | Mining Camp |
| 6:44 | Create | Villager (Male) |
| 7:02 | Create | Villager (Male) |
| 7:23 | Build | Mill |
| 7:26 | Create | Villager (Male) |
| 7:36 | Create | Villager (Male) |
| 7:57 | Create | Villager (Male) |
| 8:18 | Create | Villager (Male) |
| 8:26 | Create | Villager (Male) |
| 8:45 | Create | Villager (Male) |
| 8:55 | Create | Villager (Male) |
| 9:14 | Build | House |
| 9:14 | Build | House |
| 9:20 | Create | Villager (Male) |
| 9:42 | Build | Lumber Camp |
| 9:50 | Research | Feudal Age |
| 9:51 | Research | Feudal Age |
| 10:45 | Build | Dock |
| 11:08 | Create | Villager (Male) |
| 11:09 | Create | Villager (Male) |
| 11:34 | Create | Fishing Ship |
| 11:35 | Create | Fishing Ship |
| 11:39 | Create | Fishing Ship |
| 11:43 | Create | Villager (Male) |
| 12:14 | Age | Feudal Age |
| 12:16 | Create | Villager (Male) |
| 12:19 | Research | Double-Bit Axe |
| 12:20 | Research | Double-Bit Axe |
| 12:47 | Create | Villager (Male) |
| 12:56 | Create | Fishing Ship |
| 13:10 | Build | Mining Camp |
| 13:14 | Create | Villager (Male) |
| 13:14 | Create | Villager (Male) |
| 13:26 | Create | Villager (Male) |
| 13:33 | Create | Villager (Male) |
| 13:38 | Research | Tech 906 |
| 13:49 | Create | Villager (Male) |
| 14:09 | Build | House |
| 14:10 | Build | House |
| 14:15 | Research | Stone Mining |
| 14:27 | Research | Horse Collar |
| 14:28 | Research | Horse Collar |
| 14:40 | Create | Fishing Ship |
| 14:41 | Create | Fishing Ship |
| 14:41 | Create | Fishing Ship |
| 14:48 | Create | Fishing Ship |
| 14:48 | Create | Fishing Ship |
| 14:48 | Create | Fishing Ship |
| 15:01 | Create | Villager (Male) |
| 15:14 | Build | Farm |
| 15:15 | Build | Farm |
| 15:15 | Build | Farm |
| 15:15 | Build | Farm |
| 15:16 | Build | Farm |
| 15:16 | Build | Farm |
| 15:29 | Research | Gold Mining |
| 15:30 | Research | Gold Mining |
| 15:39 | Create | Villager (Male) |
| 15:44 | Create | Villager (Male) |
| 15:57 | Create | Fishing Ship |
| 16:12 | Create | Fishing Ship |
| 16:15 | Create | Villager (Male) |
| 16:23 | Create | Villager (Male) |
| 16:30 | Build | Farm |
| 16:30 | Build | Farm |
| 16:30 | Build | Farm |
| 16:30 | Build | Farm |
| 16:31 | Build | Farm |
| 16:31 | Build | Farm |
| 16:31 | Build | Farm |
| 16:33 | Create | Villager (Male) |
| 17:09 | Create | Villager (Male) |
| 17:10 | Create | Villager (Male) |
| 17:12 | Create | Villager (Male) |
| 17:18 | Build | House |
| 17:19 | Build | House |
| 17:35 | Build | Barracks |
| 17:46 | Create | Villager (Male) |
| 17:48 | Create | Villager (Male) |
| 17:57 | Build | House |
| 17:58 | Build | House |
| 18:03 | Create | Fishing Ship |
| 18:07 | Create | Fire Galley |
| 18:07 | Create | Fire Galley |
| 18:08 | Create | Fire Galley |
| 18:11 | Create | Villager (Male) |
| 18:29 | Build | Archery Range |
| 18:47 | Create | Villager (Male) |
| 18:56 | Build | Market |
| 19:16 | Build | Stable |
| 20:03 | Create | Villager (Male) |
| 20:36 | Create | Villager (Male) |
| 20:44 | Research | Castle Age |
| 20:44 | Research | Castle Age |
| 20:59 | Build | Blacksmith |
| 21:14 | Create | Villager (Male) |
| 21:14 | Create | Villager (Male) |
| 21:22 | Create | Fire Galley |
| 21:22 | Create | Fire Galley |
| 21:24 | Create | Fishing Ship ×4 |
| 21:47 | Build | House |
| 21:48 | Build | House |
| 22:03 | Build | Mining Camp |
| 22:29 | Research | Fletching |
| 22:30 | Research | Padded Archer Armor |
| 22:30 | Research | Padded Archer Armor |
| 22:30 | Research | Padded Archer Armor |
| 22:32 | Research | Forging |
| 22:32 | Research | Forging |
| 22:36 | Create | Villager (Male) |
| 22:58 | Build | Stable |
| 23:02 | Build | Barracks |
| 23:16 | Create | Villager (Male) |
| 23:25 | Age | Castle Age |
| 23:29 | Create | Villager (Male) |
| 23:57 | Build | Town Center |
| 24:02 | Create | Villager (Male) |
| 24:10 | Research | Bow Saw |
| 24:10 | Research | Bow Saw |
| 24:22 | Build | Castle |
| 24:27 | Create | Villager (Male) |
| 24:31 | Create | Spearman |
| 24:32 | Create | Spearman |
| 24:32 | Create | Spearman |
Build order — Batushka_na_harlee
First 150 of 472 actions detected
| 0:02 | Create | Villager (Male) |
| 0:02 | Create | Villager (Male) |
| 0:03 | Build | House |
| 0:05 | Build | House |
| 0:06 | Create | Villager (Male) |
| 0:06 | Create | Villager (Male) |
| 0:06 | Create | Villager (Male) |
| 1:22 | Create | Villager (Male) |
| 1:23 | Create | Villager (Male) |
| 1:58 | Create | Villager (Male) |
| 1:58 | Create | Villager (Male) |
| 2:34 | Create | Villager (Male) |
| 2:34 | Create | Villager (Male) |
| 2:50 | Build | Dock |
| 3:05 | Create | Villager (Male) |
| 3:27 | Create | Villager (Male) |
| 3:28 | Create | Villager (Male) |
| 3:55 | Create | Villager (Male) |
| 3:56 | Create | Villager (Male) |
| 4:11 | Create | Fishing Ship |
| 4:16 | Build | House |
| 4:26 | Create | Villager (Male) |
| 4:26 | Create | Villager (Male) |
| 5:04 | Create | Fishing Ship |
| 5:08 | Create | Villager (Male) |
| 5:27 | Create | Villager (Male) |
| 5:28 | Create | Villager (Male) |
| 5:43 | Create | Fishing Ship |
| 5:59 | Build | House |
| 6:06 | Create | Villager (Male) |
| 6:06 | Create | Villager (Male) |
| 6:25 | Create | Villager (Male) |
| 6:25 | Create | Villager (Male) |
| 6:27 | Create | Fishing Ship |
| 7:08 | Create | Fishing Ship |
| 7:10 | Create | Villager (Male) |
| 7:28 | Create | Villager (Male) |
| 7:47 | Build | Mill |
| 7:55 | Build | House |
| 8:02 | Create | Fishing Ship |
| 8:30 | Build | Mill |
| 8:34 | Create | Villager (Male) |
| 8:50 | Research | Feudal Age |
| 8:51 | Research | Loom |
| 10:06 | Create | Fishing Ship |
| 10:46 | Create | Villager (Male) |
| 10:48 | Create | Villager (Male) |
| 10:57 | Build | Barracks |
| 11:09 | Age | Feudal Age |
| 11:29 | Build | Stable |
| 11:31 | Create | Spearman |
| 11:37 | Create | Villager (Male) |
| 11:41 | Build | House |
| 11:50 | Research | Town Watch |
| 11:59 | Create | Scout Cavalry |
| 12:00 | Create | Scout Cavalry |
| 12:09 | Create | Villager (Male) |
| 12:15 | Build | House |
| 12:29 | Create | Scout Cavalry |
| 12:32 | Create | Villager (Male) |
| 12:51 | Build | Blacksmith |
| 13:04 | Create | Villager (Male) |
| 13:14 | Create | Villager (Male) |
| 13:24 | Build | Mule Cart |
| 13:55 | Research | Double-Bit Axe |
| 13:57 | Create | Villager (Male) |
| 14:01 | Create | Scout Cavalry |
| 14:15 | Research | Scale Barding Armor |
| 14:21 | Create | Villager (Male) |
| 14:40 | Create | Villager (Male) |
| 14:52 | Build | House |
| 15:01 | Build | Market |
| 15:22 | Research | Horse Collar |
| 15:41 | Research | Castle Age |
| 15:48 | Build | Farm |
| 15:50 | Build | Farm |
| 15:50 | Build | Farm |
| 15:50 | Build | Farm |
| 16:04 | Research | Forging |
| 16:17 | Build | Farm |
| 16:26 | Create | Villager (Male) |
| 16:34 | Build | Farm |
| 16:35 | Build | Farm |
| 16:36 | Build | Farm |
| 16:37 | Build | Farm |
| 16:58 | Create | Fire Galley |
| 17:22 | Build | Stable |
| 17:26 | Create | Scout Cavalry |
| 17:50 | Build | Dock |
| 17:53 | Create | Villager (Male) |
| 18:02 | Create | Scout Cavalry |
| 18:15 | Research | Bloodlines |
| 18:15 | Research | Bloodlines |
| 18:21 | Age | Castle Age |
| 18:36 | Research | Light Cavalry (upgrade) |
| 18:37 | Research | Light Cavalry (upgrade) |
| 19:05 | Build | Town Center |
| 19:15 | Create | Villager (Male) |
| 19:18 | Create | Villager (Male) |
| 19:20 | Create | Fishing Ship |
| 19:23 | Create | Villager (Male) |
| 19:42 | Create | Villager (Male) |
| 19:45 | Build | House |
| 19:47 | Build | House |
| 20:01 | Create | Villager (Male) |
| 20:03 | Create | Knight |
| 20:04 | Create | Knight |
| 20:18 | Create | Villager (Male) |
| 20:40 | Build | Town Center |
| 20:42 | Create | Villager (Male) |
| 20:48 | Create | Knight |
| 20:51 | Research | Husbandry |
| 21:16 | Create | Villager (Male) |
| 21:21 | Build | Monastery |
| 21:27 | Create | Villager (Male) |
| 21:27 | Create | Villager (Male) |
| 21:29 | Create | Villager (Male) |
| 21:29 | Create | Villager (Male) |
| 21:34 | Create | Villager (Male) |
| 21:34 | Create | Villager (Male) |
| 21:36 | Create | Villager (Male) |
| 21:36 | Create | Villager (Male) |
| 21:49 | Build | Farm |
| 22:02 | Build | Farm |
| 22:03 | Build | Farm |
| 22:03 | Build | Farm |
| 22:05 | Create | Knight |
| 22:05 | Create | Knight |
| 22:38 | Create | Villager (Male) |
| 22:46 | Create | Villager (Male) |
| 22:50 | Create | Villager (Male) |
| 22:54 | Create | Knight |
| 23:00 | Build | Farm |
| 23:01 | Build | Farm |
| 23:02 | Create | Villager (Male) |
| 23:02 | Create | Villager (Male) |
| 23:06 | Build | House |
| 23:08 | Build | House |
| 23:09 | Build | House |
| 23:13 | Build | Farm |
| 23:13 | Build | Farm |
| 23:13 | Build | Farm |
| 23:13 | Build | Farm |
| 23:14 | Build | Farm |
| 23:14 | Build | Farm |
| 23:24 | Research | Squires |
| 23:25 | Create | Villager (Male) |
| 23:25 | Create | Villager (Male) |
| 23:32 | Create | Villager (Male) |
| 23:51 | Create | Villager (Male) |
Build order — General Maximus Decimus Meridius
First 150 of 278 actions detected
| 0:04 | Create | Villager (Male) |
| 0:04 | Create | Villager (Male) |
| 0:04 | Create | Villager (Male) |
| 0:05 | Create | Villager (Male) |
| 0:05 | Create | Villager (Male) |
| 1:46 | Create | Villager (Male) |
| 2:21 | Create | Villager (Male) |
| 2:21 | Create | Villager (Male) |
| 2:44 | Create | Villager (Male) |
| 2:58 | Build | Lumber Camp |
| 3:05 | Create | Villager (Male) |
| 3:05 | Create | Villager (Male) |
| 3:50 | Create | Villager (Male) |
| 3:50 | Create | Villager (Male) |
| 4:02 | Create | Villager (Male) |
| 4:02 | Create | Villager (Male) |
| 4:30 | Create | Villager (Male) |
| 4:30 | Create | Villager (Male) |
| 5:09 | Create | Villager (Male) |
| 5:09 | Create | Villager (Male) |
| 5:09 | Create | Villager (Male) |
| 5:41 | Build | Dock |
| 6:09 | Create | Villager (Male) |
| 6:11 | Create | Villager (Male) |
| 6:30 | Create | Fishing Ship |
| 6:49 | Create | Villager (Male) |
| 7:03 | Create | Fishing Ship |
| 7:16 | Create | Villager (Male) |
| 7:16 | Create | Villager (Male) |
| 7:22 | Create | Villager (Male) |
| 7:37 | Create | Villager (Male) |
| 7:42 | Create | Villager (Male) |
| 8:06 | Create | Villager (Male) |
| 8:06 | Create | Villager (Male) |
| 8:17 | Create | Fishing Ship |
| 8:57 | Create | Transport Ship |
| 9:34 | Build | Mill |
| 9:42 | Research | Loom |
| 9:47 | Research | Feudal Age |
| 10:58 | Build | Barracks |
| 11:15 | Build | Lumber Camp |
| 11:53 | Build | Outpost |
| 12:30 | Age | Feudal Age |
| 12:31 | Build | Mining Camp |
| 12:37 | Build | Archery Range |
| 12:48 | Build | Watch Tower |
| 13:04 | Build | Archery Range |
| 13:43 | Build | Blacksmith |
| 13:45 | Create | Skirmisher |
| 13:50 | Create | Villager (Male) |
| 14:07 | Create | Skirmisher |
| 14:24 | Create | Villager (Male) |
| 14:35 | Build | Mining Camp |
| 14:38 | Create | Skirmisher |
| 14:47 | Research | Fletching |
| 14:51 | Create | Skirmisher |
| 15:03 | Create | Skirmisher |
| 15:14 | Create | Villager (Male) |
| 15:14 | Create | Villager (Male) |
| 15:19 | Create | Skirmisher |
| 15:48 | Create | Villager (Male) |
| 15:54 | Create | Skirmisher |
| 15:54 | Create | Skirmisher |
| 16:09 | Research | Castle Age |
| 16:20 | Research | Double-Bit Axe |
| 16:58 | Build | Archery Range |
| 18:21 | Build | Archery Range |
| 19:09 | Age | Castle Age |
| 19:12 | Create | Cavalry Archer |
| 19:12 | Create | Cavalry Archer |
| 19:13 | Create | Cavalry Archer |
| 19:14 | Create | Villager (Male) |
| 19:14 | Create | Villager (Male) |
| 19:15 | Create | Villager (Male) |
| 19:22 | Research | Bow Saw |
| 19:27 | Create | Cavalry Archer |
| 19:27 | Create | Cavalry Archer |
| 19:32 | Build | Farm |
| 19:36 | Build | Farm |
| 19:38 | Build | Farm |
| 20:00 | Create | Cavalry Archer |
| 20:03 | Create | Villager (Male) |
| 20:05 | Build | Farm |
| 20:09 | Build | Farm |
| 20:16 | Research | Bodkin Arrow |
| 20:24 | Build | Farm |
| 20:25 | Build | Farm |
| 20:26 | Build | Farm |
| 20:30 | Create | Cavalry Archer |
| 20:40 | Build | Farm |
| 21:05 | Build | Farm |
| 21:07 | Create | Villager (Male) |
| 21:09 | Build | Farm |
| 21:10 | Build | Farm |
| 21:21 | Create | Villager (Male) |
| 21:21 | Create | Villager (Male) |
| 21:23 | Create | Cavalry Archer |
| 21:24 | Create | Cavalry Archer |
| 21:52 | Create | Cavalry Archer |
| 21:52 | Create | Cavalry Archer |
| 22:12 | Create | Villager (Male) |
| 22:12 | Create | Villager (Male) |
| 22:15 | Build | Farm |
| 22:21 | Create | Villager (Male) |
| 22:34 | Create | Cavalry Archer |
| 22:35 | Create | Cavalry Archer |
| 22:40 | Build | Farm |
| 22:46 | Create | Villager (Male) |
| 22:58 | Build | Market |
| 23:02 | Build | Farm |
| 23:05 | Create | Cavalry Archer |
| 23:06 | Create | Cavalry Archer |
| 23:09 | Research | Padded Archer Armor |
| 23:27 | Build | Stable |
| 23:33 | Create | Villager (Male) |
| 23:38 | Create | Cavalry Archer |
| 23:54 | Build | Farm |
| 24:07 | Create | Cavalry Archer |
| 24:07 | Create | Cavalry Archer |
| 24:23 | Create | Cavalry Archer |
| 24:23 | Create | Cavalry Archer |
| 24:24 | Create | Villager (Male) |
| 24:24 | Create | Villager (Male) |
| 24:25 | Create | Villager (Male) |
| 24:30 | Build | Farm |
| 24:32 | Create | Villager (Male) |
| 24:42 | Research | Bloodlines |
| 24:43 | Research | Husbandry |
| 24:47 | Create | Cavalry Archer |
| 25:01 | Build | Farm |
| 25:07 | Create | Cavalry Archer |
| 25:08 | Create | Cavalry Archer |
| 25:11 | Create | Villager (Male) |
| 25:11 | Create | Villager (Male) |
| 25:41 | Create | Cavalry Archer |
| 25:42 | Create | Cavalry Archer |
| 25:56 | Research | Leather Archer Armor |
| 26:19 | Research | Thumb Ring |
| 26:19 | Research | Thumb Ring |
| 26:28 | Create | Cavalry Archer |
| 26:38 | Create | Cavalry Archer |
| 26:38 | Create | Cavalry Archer |
| 26:44 | Create | Villager (Male) |
| 26:44 | Create | Villager (Male) |
| 26:55 | Create | Cavalry Archer |
| 26:55 | Create | Cavalry Archer |
| 27:18 | Build | University |
| 27:39 | Create | Cavalry Archer |
| 27:39 | Create | Cavalry Archer |
| 27:40 | Create | Cavalry Archer |
Build order — OnlyBoom
First 150 of 319 actions detected
| 0:01 | Create | Villager (Male) |
| 0:01 | Create | Villager (Male) |
| 0:01 | Create | Villager (Male) |
| 0:03 | Build | House |
| 0:04 | Build | House |
| 0:08 | Create | Villager (Male) |
| 0:08 | Create | Villager (Male) |
| 1:40 | Create | Villager (Male) |
| 1:55 | Create | Villager (Male) |
| 2:14 | Build | Lumber Camp |
| 2:58 | Create | Villager (Male) |
| 2:58 | Create | Villager (Male) |
| 2:59 | Create | Villager (Male) |
| 2:59 | Create | Villager (Male) |
| 3:32 | Create | Villager (Male) |
| 4:03 | Create | Villager (Male) |
| 4:29 | Build | House |
| 4:33 | Create | Villager (Male) |
| 4:42 | Build | Mill |
| 4:48 | Create | Villager (Male) |
| 5:31 | Create | Villager (Male) |
| 5:32 | Create | Villager (Male) |
| 6:09 | Create | Villager (Male) |
| 6:09 | Create | Villager (Male) |
| 7:19 | Research | Feudal Age |
| 7:19 | Research | Feudal Age |
| 7:21 | Research | Loom |
| 7:43 | Build | Mining Camp |
| 8:35 | Build | Barracks |
| 8:51 | Build | House |
| 9:10 | Create | Villager (Male) |
| 9:29 | Age | Feudal Age |
| 9:31 | Build | Archery Range |
| 9:45 | Research | Double-Bit Axe |
| 10:02 | Create | Villager (Male) |
| 10:12 | Research | Horse Collar |
| 10:22 | Create | Archer |
| 10:43 | Build | Archery Range |
| 10:49 | Create | Archer |
| 10:52 | Create | Villager (Male) |
| 10:52 | Create | Villager (Male) |
| 11:19 | Create | Archer |
| 11:21 | Create | Villager (Male) |
| 11:25 | Build | House |
| 11:33 | Build | House |
| 11:36 | Create | Archer |
| 11:58 | Create | Villager (Male) |
| 12:15 | Create | Villager (Male) |
| 12:17 | Create | Archer |
| 12:17 | Create | Archer |
| 12:24 | Build | Blacksmith |
| 12:38 | Create | Archer |
| 12:38 | Create | Archer |
| 12:52 | Build | House |
| 12:54 | Build | Palisade Wall |
| 13:03 | Create | Archer |
| 13:04 | Create | Archer |
| 13:33 | Create | Archer |
| 13:33 | Create | Archer |
| 13:35 | Create | Villager (Male) |
| 13:36 | Create | Villager (Male) |
| 13:41 | Build | House |
| 13:58 | Research | Fletching |
| 13:59 | Research | Fletching |
| 14:33 | Create | Archer |
| 14:35 | Create | Villager (Male) |
| 14:36 | Create | Villager (Male) |
| 14:40 | Build | House |
| 14:43 | Build | Farm |
| 14:45 | Build | Farm |
| 14:48 | Build | Farm |
| 15:18 | Create | Archer |
| 15:28 | Build | House |
| 15:31 | Create | Archer |
| 15:31 | Create | Archer |
| 15:33 | Create | Villager (Male) |
| 15:35 | Build | Farm |
| 15:39 | Build | Farm |
| 16:17 | Create | Archer |
| 16:18 | Create | Archer |
| 16:39 | Build | House |
| 16:41 | Create | Villager (Male) |
| 16:41 | Create | Villager (Male) |
| 16:44 | Build | Farm |
| 16:45 | Create | Archer |
| 16:52 | Build | House |
| 16:56 | Create | Villager (Male) |
| 17:03 | Build | Market |
| 17:08 | Build | Farm |
| 17:14 | Create | Archer |
| 17:14 | Create | Archer |
| 17:36 | Build | Farm |
| 17:36 | Build | Farm |
| 17:36 | Build | Farm |
| 17:36 | Build | Farm |
| 17:37 | Build | Farm |
| 17:42 | Create | Villager (Male) |
| 18:26 | Create | Archer |
| 18:27 | Create | Archer |
| 18:34 | Build | Farm |
| 18:37 | Build | Farm |
| 19:01 | Build | House |
| 19:31 | Build | Farm |
| 19:38 | Build | House |
| 19:39 | Build | Palisade Wall |
| 19:52 | Research | Castle Age |
| 19:52 | Research | Castle Age |
| 19:55 | Create | Archer |
| 19:55 | Create | Archer |
| 20:30 | Create | Archer |
| 20:30 | Create | Archer |
| 20:37 | Research | Padded Archer Armor |
| 20:37 | Research | Padded Archer Armor |
| 20:55 | Build | Archery Range |
| 21:14 | Create | Archer |
| 21:14 | Create | Archer |
| 21:34 | Create | Archer |
| 21:34 | Create | Archer |
| 22:17 | Create | Archer |
| 22:18 | Create | Archer |
| 22:18 | Create | Archer |
| 22:32 | Age | Castle Age |
| 22:55 | Research | Bodkin Arrow |
| 22:55 | Research | Bodkin Arrow |
| 22:57 | Research | Crossbowman (upgrade) |
| 23:03 | Create | Villager (Male) |
| 23:03 | Create | Villager (Male) |
| 23:03 | Create | Villager (Male) |
| 23:12 | Build | Town Center |
| 23:23 | Create | Villager (Male) |
| 23:23 | Create | Villager (Male) |
| 23:35 | Create | Archer |
| 23:36 | Create | Archer |
| 23:36 | Create | Archer |
| 23:55 | Build | House |
| 23:56 | Build | House |
| 24:34 | Create | Archer |
| 24:34 | Create | Archer |
| 24:45 | Create | Archer |
| 24:45 | Create | Archer |
| 24:46 | Create | Archer |
| 25:05 | Create | Archer |
| 25:05 | Create | Archer |
| 25:06 | Create | Archer |
| 25:08 | Create | Villager (Male) |
| 25:08 | Create | Villager (Male) |
| 25:23 | Build | Town Center |
| 25:28 | Create | Archer |
| 25:28 | Create | Archer |
| 25:50 | Create | Villager (Male) |
Match timeline
| 2:37 | ZAWVMA · first_building Barracks |
| 2:50 | Batushka_na_harlee · first_building Dock |
| 5:41 | General Maximus Decimus Meridius · first_building Dock |
| 6:56 | MB7 · first_building Dock |
| 8:35 | OnlyBoom · first_building Barracks |
| 9:29 | Darmoran · age_up feudal |
| 9:29 | OnlyBoom · age_up feudal |
| 9:31 | OnlyBoom · first_building Archery Range |
| 9:38 | MB7 · first_building Barracks |
| 9:52 | MB7 · age_up feudal |
| 10:45 | ZAWVMA · first_building Dock |
| 10:57 | Batushka_na_harlee · first_building Barracks |
| 10:58 | General Maximus Decimus Meridius · first_building Barracks |
| 11:09 | Batushka_na_harlee · age_up feudal |
| 11:14 | MB7 · first_building Stable |
| 11:29 | Batushka_na_harlee · first_building Stable |
| 12:14 | ZAWVMA · age_up feudal |
| 12:30 | General Maximus Decimus Meridius · age_up feudal |
| 12:37 | General Maximus Decimus Meridius · first_building Archery Range |
| 12:44 | Darmoran · first_building Barracks |
| 12:54 | OnlyBoom · wall_segment Palisade Wall x1 |
| 14:35 | MB7 · wall_segment Palisade Wall x1 |
| 14:38 | MB7 · wall_segment Palisade Wall x1 |
| 14:40 | MB7 · wall_segment Palisade Wall x1 |
| 14:46 | Darmoran · first_building Stable |
| 15:44 | MB7 · wall_segment Stone Wall x1 |
| 16:20 | MB7 · first_market_buy 100 food |
| 16:34 | Darmoran · wall_segment Palisade Wall x2 |
| 16:37 | Darmoran · wall_segment Palisade Wall x5 |
| 17:18 | Darmoran · wall_segment Palisade Wall x9 |
| 17:21 | Darmoran · wall_segment Palisade Wall x5 |
| 17:33 | Darmoran · wall_segment Palisade Wall x13 |
| 18:21 | Batushka_na_harlee · age_up castle |
| 18:29 | MB7 · wall_segment Stone Wall x1 |
| 18:29 | ZAWVMA · first_building Archery Range |
| 18:34 | Batushka_na_harlee · first_market_buy 100 food |
| 18:35 | Batushka_na_harlee · first_market_sell 100 wood |
| 18:41 | OnlyBoom · first_market_buy 100 food |
| 19:09 | General Maximus Decimus Meridius · age_up castle |
| 19:16 | ZAWVMA · first_building Stable |
| 19:24 | MB7 · age_up castle |
| 19:30 | MB7 · first_market_sell 100 stone |
| 19:39 | OnlyBoom · wall_segment Palisade Wall x1 |
| 19:46 | OnlyBoom · first_market_sell 100 wood |
| 21:21 | Batushka_na_harlee · first_building Monastery |
| 22:17 | Darmoran · age_up castle |
| 22:32 | OnlyBoom · age_up castle |
| 23:25 | ZAWVMA · age_up castle |
| 23:27 | General Maximus Decimus Meridius · first_building Stable |
| 24:09 | MB7 · first_building Monastery |
| 24:22 | ZAWVMA · first_building Castle |
| 25:06 | MB7 · wall_segment Palisade Wall x1 |
| 25:09 | MB7 · wall_segment Palisade Wall x1 |
| 25:12 | MB7 · wall_segment Palisade Wall x1 |
| 25:25 | ZAWVMA · first_market_buy 100 food |
| 25:37 | General Maximus Decimus Meridius · first_market_sell 100 wood |
| 27:00 | Darmoran · first_market_buy 100 stone |
| 27:14 | Darmoran · first_building Castle |
| 28:51 | Batushka_na_harlee · first_building Castle |
| 32:30 | Batushka_na_harlee · first_building Siege Workshop |
| 33:52 | Darmoran · age_up imperial |
| 35:50 | General Maximus Decimus Meridius · first_building Monastery |
| 36:43 | OnlyBoom · first_building Monastery |
| 37:13 | MB7 · first_building Siege Workshop |
| 37:38 | Darmoran · first_market_sell 100 wood |
| 38:28 | OnlyBoom · first_building Siege Workshop |
| 39:53 | General Maximus Decimus Meridius · age_up imperial |
| 41:44 | OnlyBoom · first_building Stable |
| 41:56 | MB7 · resign |
| 42:01 | OnlyBoom · age_up imperial |
[ AI ANALYSIS · 1 CREDIT ]
What really happened in this match?
Wolo.gg analyzes every decision: build order, eco, micro, common mistakes by bracket. Personalized analysis on WhatsApp or Discord in 30 seconds.
Civ guide
Byzantines
Perfil
MB7